 Dungeon Crawl Stone Soup version 0.21.0-24-g2553a33 (webtiles) character file.

1620 Monsterracer the Martial Artist (level 8, 0/60 HPs)
             Began as a Vampire Arcane Marksman on Jan 20, 2018.
             Was an Initiate of Makhleb.
             Slain by an orc warrior
             ... wielding a +1 hand axe of flaming
              (5 damage)
             ... on level 5 of the Dungeon.
             The game lasted 00:09:16 (4801 turns).

Monsterracer the Martial Artist (VpAM)              Turns: 4801, Time: 00:09:18

Health: 0/60       AC: 15    Str: 16    XL:     8   Next: 64%
Magic:  9/9        EV: 12    Int: 15    God:    Makhleb [......]
Gold:   383        SH: 12    Dex: 15    Spells: 9/9 levels left

rFire    . . .     SeeInvis +     - Unarmed
rCold    . . .     Gourm    .   u - +3 shield
rNeg     . . .     Faith    .   t - +3 leather armour {rPois}
rPois    +         Spirit   .   l - +0 helmet
rElec    .         Reflect  .   (no cloak)
rCorr    .         Harm     .   q - +2 pair of gloves
MR       +....                  e - +0 pair of boots
Stlth    ++........             (no amulet)
HPRegen  0.40/turn              b - +4 ring of protection
MPRegen  0.11/turn              m - ring of protection from magic {!d}

@: mighty, regenerating quickly
A: fangs 3, see invisible, unbreathing
a: Renounce Religion


You were on level 5 of the Dungeon.
You worshipped Makhleb.
Makhleb was noncommittal.
You were very full.

You visited 2 branches of the dungeon, and saw 7 of its levels.

You collected 383 gold pieces.

Inventory:

Missiles
 a - 2 throwing nets (quivered)
Armour
 e - a +0 pair of boots (worn)
 l - a +0 helmet (worn)
 q - a +2 pair of gloves (worn)
 t - a +3 leather armour of poison resistance (worn)
 u - a +3 shield (worn)
Jewellery
 b - a +4 ring of protection (left hand)
 m - a ring of protection from magic (right hand) {!d}
Wands
 s - a wand of polymorph (15)
 v - a wand of digging (15)
Scrolls
 h - 6 scrolls of remove curse
 i - 2 scrolls of amnesia
 o - a scroll of identify
 p - 3 scrolls of magic mapping {!r}
Potions
 c - 2 potions of agility
 d - 16 potions of blood
 f - a potion of invisibility
 g - a potion of cancellation
 j - a potion of curing
 k - a potion of brilliance
 n - 3 potions of flight
 r - a potion of might


   Skills:
 + Level 3.8 Fighting
 - Level 1.5 Throwing
 + Level 4.9 Dodging
 + Level 1.0 Stealth
 + Level 4.0 Shields
 * Level 8.5 Unarmed Combat
 - Level 1.0 Spellcasting
   Level 4.4 Hexes
 + Level 0.2 Invocations


You had 9 spell levels left.
You didn't know any spells.

Dungeon Overview and Level Annotations

Branches:
Dungeon (6/15)             Temple (1/1) D:5

Altars:
Ashenzari
Cheibriados
Dithmenos
Elyvilon
Fedhas
Gozag
Kikubaaqudgha
Makhleb
Nemelex Xobeh
Okawaru
Qazlal
Ru
Sif Muna
Trog
Uskayaw
Vehumet
Wu Jian
Xom
Yredelemnul
Zin
The Shining One


Innate Abilities, Weirdness & Mutations

Your natural rate of healing is unusually fast.
You have razor-sharp teeth.
You have supernaturally acute eyesight. (SInv)
You can survive without breathing.


Message History

Health restored: 60 No target in view!
You now have 383 gold pieces (gained 15).
You see here a rapier.
p - 3 scrolls of magic mapping {!r} No target in view!
Done exploring.
No target in view!
No target in view!
Done exploring.
No target in view!
Done exploring.
The alarm trap emits a blaring wail!
A sentinel's mark forms upon you.
Yummy - fresh blood!
Yummy - fresh blood!
There is a stone staircase leading down here.
You start waiting.
The sentinel's mark upon you fades away.
You climb downwards.
An iguana, an orc and an orc warrior come into view.
The orc warrior is wielding a hand axe of flaming.
Found a scroll of immolation.
There is a stone staircase leading up here.
An orc wizard comes into view. It is wielding a dagger.
The iguana hisses angrily.
The orc warrior shouts!
The orc wizard shouts!
The orc shouts!
Found a scale mail.
There are monsters nearby!
You hit the iguana. You bite the iguana, but do no damage.
The iguana is moderately wounded.
There are monsters nearby!
You hit the iguana.
The iguana is heavily wounded.
You block the orc's attack. The iguana misses you.
You hit the iguana.
The iguana is almost dead.
You block the iguana's attack.
You hit the iguana.
The iguana is almost dead.
You block the orc warrior's attack.
The orc wizard casts a spell.
The orc wizard flickers and vanishes for a moment.
The orc hits you but does no damage.
The iguana bites you but does no damage.
You punch the iguana!
You kill the iguana!
Makhleb accepts your kill.
Your Stealth skill increases to level 1!
The orc completely misses you.
The orc wizard gestures at you while chanting.
The puff of flame hits you! You block the orc warrior's attack.
You take 6 damage, and have 54/60 hp.
There is a stone staircase leading up here.
The orc warrior hits you but does no damage.
You block the orc's attack.
You climb upwards.
There is a stone staircase leading down here.
The orc misses you.
You closely miss the orc warrior. You block the orc warrior's attack.
You hit the orc warrior but do no damage.
The orc warrior hits you with a hand axe of flaming!
The orc warrior burns you.
You take 13 damage, and have 43/60 hp.
MASSIVE DAMAGE!!
You closely miss the orc warrior.
The orc warrior hits you with a hand axe of flaming!
The orc warrior burns you.
You take 11 damage, and have 32/60 hp.
You hit the orc warrior but do no damage.
Unknown command.
You hit the orc warrior but do no damage.
The orc warrior hits you with a hand axe of flaming!
* * * LOW HITPOINT WARNING * * *
The orc warrior burns you.
* * * LOW HITPOINT WARNING * * *
You take 16 damage, and have 16/60 hp.
MASSIVE DAMAGE!!
You hit the orc warrior.
The orc warrior is moderately wounded.
You block the orc warrior's attack.
You hit the orc warrior.
The orc warrior is moderately wounded.
The orc warrior hits you with a hand axe of flaming!
* * * LOW HITPOINT WARNING * * *
The orc warrior burns you.
* * * LOW HITPOINT WARNING * * *
You take 14 damage, and have 3/60 hp.
MASSIVE DAMAGE!!
Okay, then.
There is a stone staircase leading down here.
Okay, then.
You feel very mighty all of a sudden.
The orc warrior hits you with a hand axe of flaming!
* * * LOW HITPOINT WARNING * * *
The orc warrior burns you!
* * * LOW HITPOINT WARNING * * *
You take 23 damage, and have 5/60 hp.
MASSIVE DAMAGE!!
Your shield and leather armour prevent you from hitting the orc warrior.
You bite the orc warrior.
The orc warrior is lightly wounded.
The orc warrior hits you with a hand axe of flaming.
You die...

#...# #.###### #.#
####...####.# #.# #
#.........#.# #.###
#...........# #.##.
#..§§..§..#.# #.##.
####.§§####.##### #....
#.!.# #.....# ####.
#...# #####.# #####...
##.## #@# #...o.## #.#
#o# #.##### #.# #o# #.#
#.# #.# #.# #.#
#######.####### #.#
#.###.............###.#
#.............#.....#.#
#####.#####.#.#.###.#.#
#.# #...........#


You could see an orc warrior and an orc.

Vanquished Creatures
  The ghost of tidbits the Charmwright, an amateur GnSk (D:4)
  Grinder (D:3)
  Sigmund (D:2)
  2 ogres (D:4)
  Blork the orc (D:4)
  A scorpion (D:5)
  4 crimson imps (D:4)
  A hound (D:5)
  2 jellies (D:5)
  2 bullfrog skeletons
  Ijyb (D:3)
  2 iguanas
  An orc wizard (D:4)
  5 worker ants
  A worker ant zombie (D:5)
  Robin (D:4)
  2 howler monkey skeletons (D:5)
  4 gnolls (D:5)
  6 adders
  2 oozes
  An adder skeleton (D:5)
  3 worms
  3 dart slugs
  5 leopard geckos
  7 orcs
  A ball python (D:5)
  13 bats
  6 giant cockroaches
  12 hobgoblins
  7 jackals
  9 kobolds
  4 frilled lizards
  12 goblins
  2 quokka skeletons
  8 rats
134 creatures vanquished.

Notes
Turn   | Place    | Note
-------+----------+-------------------------------------------
     0 | D:1      | Monsterracer the Vampire Arcane Marksman began the quest for the Orb.
     0 | D:1      | Reached XP level 1. HP: 14/14 MP: 2/2
    59 | D:1      | HP: 7/14 [rat (2)]
    64 | D:1      | Reached skill level 1 in Fighting
   204 | D:1      | Reached skill level 1 in Unarmed Combat
   223 | D:1      | HP: 7/15 [bat (1)]
   233 | D:1      | HP: 6/15 [bat (1)]
   373 | D:1      | Reached XP level 2. HP: 21/21 MP: 3/3
   506 | D:1      | Reached skill level 2 in Unarmed Combat
   605 | D:1      | Reached XP level 3. HP: 24/26 MP: 4/4
   720 | D:1      | Reached skill level 3 in Unarmed Combat
  1181 | D:2      | Noticed Sigmund
  1203 | D:2      | Killed Sigmund
  1203 | D:2      | Reached skill level 5 in Unarmed Combat
  1203 | D:2      | Reached XP level 4. HP: 20/32 MP: 5/5
  1203 | D:2      | Reached XP level 5. HP: 24/37 MP: 6/6
  1800 | D:2      | Found a radiant altar of Vehumet.
  1801 | D:2      | Found a snail-covered altar of Cheibriados.
  2310 | D:3      | Reached skill level 6 in Unarmed Combat
  2354 | D:3      | Noticed Ijyb
  2362 | D:3      | Killed Ijyb
  2362 | D:3      | Reached XP level 6. HP: 44/44 MP: 7/7
  2601 | D:3      | Found a hide-covered altar of Uskayaw.
  2858 | D:4      | Noticed Grinder
  2888 | D:3      | Paralysed by Grinder for 3 turns
  2896 | D:3      | Killed Grinder
  2896 | D:3      | Reached skill level 1 in Shields
  2968 | D:4      | Reached XP level 7. HP: 50/50 MP: 8/8
  2974 | D:4      | Noticed Robin
  3009 | D:4      | Killed Robin
  3101 | D:4      | Noticed Blork the orc
  3118 | D:4      | Killed Blork the orc
  3137 | D:4      | HP: 23/51 [ogre/giant club (20)]
  3140 | D:4      | Reached skill level 7 in Unarmed Combat
  3289 | D:4      | Found a shimmering altar of Xom.
  3369 | D:4      | Noticed tidbits's ghost (amateur GnSk)
  3383 | D:5      | Entered Level 5 of the Dungeon
  3428 | D:4      | HP: 23/51 [tidbits's ghost (6)]
  3433 | D:4      | Killed tidbits's ghost
  3433 | D:4      | Reached XP level 8. HP: 28/58 MP: 9/9
  3521 | D:4      | Found a deep blue altar of Sif Muna.
  3523 | D:4      | Found a blossoming altar of Fedhas.
  3524 | D:4      | Found an ornate altar of the Wu Jian Council.
  3891 | D:5      | Reached skill level 8 in Unarmed Combat
  4238 | D:5      | Found a staircase to the Ecumenical Temple.
  4292 | Temple   | Entered the Ecumenical Temple
  4355 | Temple   | Became a worshipper of Makhleb the Destroyer
  4726 | D:6      | Reached skill level 1 in Stealth
  4736 | D:5      | HP: 17/60 [orc warrior/hand axe of flaming (15)]
  4738 | D:5      | HP: 8/60 [orc warrior/hand axe of flaming (9)]
  4738 | D:5      | HP: 3/60 [orc warrior/hand axe of flaming (5)]
  4800 | D:5      | HP: 13/60 [orc warrior/hand axe of flaming (15)]
  4800 | D:5      | HP: 5/60 [orc warrior/hand axe of flaming (8)]
  4801 | D:5      | Slain by an orc warrior

Skill      XL: |  1  2  3  4  5  6  7  8 |
---------------+-------------------------+-----
Fighting       | 1 2 3 |  3.8
Unarmed Combat | 1 2 5 6 7 8 |  8.5
Dodging        | 3 4 |  4.9
Shields        | 1 3 4 |  4.0
Stealth        | 1 |  1.0
Throwing       | |  1.5
Spellcasting   | |  1.0
Hexes          | |  4.4
Invocations    | |  0.2

Action                   |  1- 3 |  4- 6 |  7- 9 || total
-------------------------+-------+-------+-------++-------
Melee: Unarmed           |   183 |   207 |   366 ||   756
       Bite              |    13 |    12 |    36 ||    61
       Punch             |     2 |     6 |     4 ||    12
Throw: Javelin           |     9 |       |       ||     9
  Use: Potion            |     8 |    13 |    10 ||    31
       Scroll            |       |    13 |     5 ||    18
 Stab: Sleeping          |       |       |     2 ||     2
Armor: Robe              |    31 |       |       ||    31
       Leather armour    |    58 |    55 |   104 ||   217
       Skin              |       |     2 |       ||     2
Dodge: Dodged            |   187 |   123 |   142 ||   452
Block: Shield            |       |       |   140 ||   140

Vault maps used:
D:1:      dpeg_arrival_chase, serial_bayou, serial_bayou_ford_a,
          serial_bayou_lake_a, serial_bayou_shore_a, serial_bayou_pond_b,
          grunt_decor_arrowhead
D:2:      nicolae_overflow_hidden_temple, fountainhead, hex_tiny, uniq_sigmund
D:3:      old_standard_altar, minmay_surrounded, uniq_ijyb
D:4:      minitemple, first_ration, led_xom_imps, uniq_robin, uniq_grinder,
          uniq_blork_the_orc
D:5:      minmay_temple_entry_statues_fountains
D:6:      small_statue_intersection, nicolae_elemental_shop, uniq_pikel
Temple:   zaba_magenta_temple
